Map: 안갯속 표류기

Players

펜타네스트

  • Race: Zerg Zerg

펜타네스트

  • Race: Terran Terran
  • Spawn Location: 5:00

VOD

Have the link to the VOD?

Description

Time

  • Played on: March 15, 2018, 2:54 p.m.
  • Length: 30:17
Show
View Real Time Build Order
Export as new Build Order

펜타네스트 Zerg 

Build Orders:  

Get SALT Encoding   

  18  0:03  Primal Drone  
  19  0:11  Primal Drone  
  19  0:18  Primal Drone  
  21  0:24  Primal Drone  
  22  0:33  Primal Drone  
  22  0:38  Extractor  
  23  1:00  Primal Warden  
  23  1:06  Primal Drone  
  25  1:11  Primal Drone  
  25  1:19  Extractor  
  26  1:24  Primal Drone  
  27  1:37  Primal Drone  
  28  1:58  Primal Drone  
  29  2:04  Glevig's Den, Primal Zergling  
  29  2:15  Primal Drone  
  30  2:28  Primal Drone  
  31  2:57  Primal Hive  
  36  3:04  Primal Drone x2  
  38  3:21  Primal Drone  
  39  3:36  Primal Drone  
  39  3:37  Murvar's Den  
  39  3:47  Primal Drone  
  40  4:16  Primal Drone  
  42  4:27  Primal Warden  
  42  4:31  Primal Warden  
  42  4:33  Primal Drone  
  42  4:34  Primal Drone  
  44  4:44  Primal Hive  
  44  4:45  Primal Drone  
  44  4:46  Primal Drone x2, Extractor  
  47  4:52  Primal Drone  
  48  5:00  Primal Drone  
  48  5:06  Primal Drone  
  50  5:14  Primal Drone  
  50  5:15  Primal Attacks Level 1  
  51  5:23  Primal Drone  
  52  5:39  Primal Reconstitution, Dakrun's Den  
  51  5:43  Primal Drone  
  51  5:48  Primal Drone x2  
  54  5:55  Primal Drone  
  54  5:57  Extractor  
  55  6:25  Primal Drone  
  55  6:26  Primal Drone  
  58  6:33  Primal Warden  
  58  6:54  Primal Drone x2  
  58  6:55  Primal Drone x3  
  63  7:01  Primal Drone  
  63  7:02  Primal Drone  
  63  7:09  Slicing Glave  
  65  7:30  Primal Hydralisk  
  65  7:31  Primal Hydralisk x5  
  77  7:40  Primal Drone x4  
  81  7:59  Primal Attacks Level 2  
  81  8:17  Primal Hydralisk x3  
  81  8:18  Primal Mutalisk x2  
  81  8:19  Primal Mutalisk  
  84  8:21  Primal Hydralisk x2  
  88  8:31  Primal Hydralisk  
  88  8:32  Primal Hydralisk  
  92  8:41  Primal Hydralisk x2  
  92  8:46  Primal Mutalisk  
  95  9:12  Primal Mutalisk x3  
  92  9:27  Primal Hydralisk  
  92  9:28  Primal Hydralisk x9  
  112  9:58  Primal Hydralisk  
  114  10:06  Primal Mutalisk  
  114  10:07  Primal Mutalisk x4  
  109  10:10  Primal Hydralisk  
  109  10:11  Primal Hydralisk x5  
  121  10:24  Primal Hydralisk x2  
  125  10:41  Primal Mutalisk  
  124  11:03  Primal Hydralisk  
  124  11:04  Primal Hydralisk x5  
  124  11:06  Primal Mutalisk  
  135  11:21  Primal Mutalisk x2  
  135  11:22  Primal Mutalisk  
  135  11:42  Primal Wurm  
  135  11:43  Primal Wurm  
  135  11:44  Primal Wurm  
  135  11:57  Primal Hydralisk  
  135  11:58  Primal Hydralisk x5  
  147  12:48  Primal Warden  
  147  12:49  Primal Warden x2, Primal Zergling  
  147  12:50  Primal Zergling x4  
  147  13:11  Primal Mutalisk  
  147  13:12  Primal Mutalisk x2  
  147  13:13  Primal Mutalisk  
  140  13:20  Primal Zergling  
  140  13:21  Primal Zergling x5  
  141  13:40  Primal Hydralisk  
  141  13:41  Primal Zergling x3  
  141  13:48  Primal Attacks Level 3  
  146  14:40  Primal Hydralisk  
  146  14:41  Primal Hydralisk x10  
  168  15:05  Shifting Carapace  
  168  15:06  Primal Warden  
  168  15:11  Primal Warden  
  168  15:16  Primal Warden  
  168  15:20  Primal Mutalisk x2  
  168  15:21  Primal Mutalisk x3  
  168  15:28  Primal Mutalisk  
  158  15:46  Primal Mutalisk  
  152  16:09  Primal Wurm  
  163  16:11  Primal Wurm x2  
  163  16:12  Primal Wurm x2  
  163  16:13  Primal Wurm x3  
  163  16:14  Primal Wurm x2  
  163  16:18  Primal Wurm  
  163  16:35  Primal Drone  
  163  16:36  Primal Drone  
  167  16:42  Primal Wurm  
  167  16:43  Primal Wurm  
  167  17:25  Primal Hydralisk  
  167  17:26  Primal Hydralisk x6  
  181  17:50  Primal Hydralisk x4  
  181  17:53  Primal Mutalisk  
  181  17:54  Primal Mutalisk x2  
  181  17:56  Primal Hydralisk  
  181  17:59  Primal Hydralisk  
  190  18:05  Primal Hydralisk  
  192  18:11  Primal Hydralisk  
  194  18:21  Primal Mutalisk  
  194  18:22  Primal Mutalisk  
  194  18:23  Primal Hydralisk x2  
  194  18:26  Primal Mutalisk  
  195  18:30  Primal Hydralisk  
  195  18:37  Primal Mutalisk  
  196  18:54  Primal Mutalisk  
  196  18:56  Primal Hydralisk x2  
  196  18:59  Primal Mutalisk  
  198  19:08  Primal Hydralisk  
  200  19:36  Primal Mutalisk  
  199  20:48  Primal Carapace Level 1  
  199  22:21  Primal Hydralisk  
  200  22:47  Primal Mutalisk  
  200  26:28  Primal Wurm x2  
  200  26:29  Primal Wurm  
  199  28:19  Primal Wurm  
  199  29:08  Primal Wurm  
Show
View Real Time Build Order
Export as new Build Order

펜타네스트 Terran 

Build Orders:  

Get SALT Encoding   

Tags
 
Add a new tag
Caveats
  • Supply blocks, unpowered buildings, or Contaminate may cause inaccurate times.
  • Supply counts are checked every 10 seconds.